 Dungeon Crawl Stone Soup version 0.31-a0-841-g038b102fc3 (webtiles) character file.

Game seed: 12669009117313948415

42 Bravepunisher the Ducker (level 3, -1/20 HPs)
             Began as a Spriggan Monk on Sept 27, 2023.
             Splashed by a jelly's acid (5 damage)
             ... on level 4 of the Dungeon.
             The game lasted 00:01:55 (574 turns).

Bravepunisher the Ducker (Spriggan Monk)             Turns: 574, Time: 00:01:56

Health: -1/20      AC: -2    Str:  7    XL:     3   Next: 35%
Magic:  4/4        EV: 19    Int: 11    God:
Gold:   11         SH:  0    Dex: 19    Spells: 2/2 levels left

rFire   . . .        a - +0 short sword
rCold   . . .        (no shield)
rNeg    . . .        b - +0 robe
rPois   .            (helmet restricted)
rElec   .            (no cloak)
rCorr   .            (gloves unavailable)
SInv    +            (boots unavailable)
Will    .....        (no amulet)
Stlth   ++           (no ring)
HPRegen 0.23/turn    (no ring)
MPRegen 0.09/turn

%: no passive effects
@: corroded, very quick
A: very small, no large weapons, unfitting armour, see invisible, speed 3
a: no special abilities


You were on level 4 of the Dungeon.
You visited 1 branch of the dungeon, and saw 4 of its levels.

You collected 11 gold pieces.

Inventory:

Hand Weapons
 a - a +0 short sword (weapon)
Armour
 b - a +0 robe (worn)
Scrolls
 d - 3 scrolls of identify {unknown}
 e - a scroll of teleportation {unknown}
 f - a scroll of enchant weapon {unknown}
 g - a scroll of vulnerability {unknown}
Potions
 c - a potion of ambrosia
 h - a potion of might {unknown}
 i - 2 potions of heal wounds {unknown}


   Skills:
 * Level 3.3 Fighting
 - Level 3.2 Short Blades
 + Level 4.7 Dodging


You had 2 spell levels left.
You didn't know any spells.
Your spell library contained the following spells:

 Spells                   Type           Power      Damage    Failure   Level
 Blink                    Tloc           0%         N/A       47%         2
 Manifold Assault         Tloc           0%         N/A       98%         4


Dungeon Overview and Level Annotations

Branches:
Dungeon (4/15)
 Temple: D:4-7

Altars:

Annotations:
D:4 Eustachio


Innate Abilities, Weirdness & Mutations

You are very small and have problems with some larger weapons.
You are too small for most types of armour.
You have supernaturally acute eyesight. (SInv)
You cover ground extremely quickly. (Speed+++)


Message History

Found a stone staircase leading up.
There is a stone staircase leading up here.
The jelly quivers.
A kobold comes into view. It is wielding a +0 whip.
The kobold moves out of view.
Found an escape hatch in the ceiling.
The kobold shouts!
Found 5 stones.
Eustachio the Magnificent comes into view.
He is wielding a +0 rapier.
Found 11 gold pieces.
Found 2 stones.
Found a puce potion. 2 gnolls come into view.
A gnoll comes into view. It is wielding a +0 spear.
The gnoll shouts! x3; You hear a shout!
Found a scroll labelled DEX LUGGITECIWKO and a fuming green potion.
Eustachio shouts!
Eustachio casts a spell.
Eustachio blinks!
You hit Eustachio but do no damage. Eustachio completely misses you.
Eustachio casts a spell.
The kobold hits you with a +0 whip.
You hit the jelly.
Your hands burn!
The jelly is lightly wounded.
The jelly attacks as it pursues you! The jelly hits you. The acid corrodes you!
You are splashed with acid.
Unknown command.
You hit the iron imp but do no damage. The iron imp barely misses you.
The jelly completely misses you.
You hit the iron imp but do no damage. The jelly completely misses you.
The iron imp hits you.
* * * LOW HITPOINT WARNING * * *
You hit the iron imp.
The iron imp is lightly wounded.
The jelly barely misses you.
You barely miss the iron imp.
The iron imp is lightly wounded.
The iron imp barely misses you.
You hit the jelly.
Your hands burn!
You die...

..####.##......##.#.#####...#
#.#....###.###.#.............
#.#.##......##(#.##.#........
#..!##$####......##....####..
###......##.####.#..#.......#
###.##.#@...##.#......###.#
#...##...##K.....<.........
##.....#g##J#......#..###.#
#.##g##g5@.#....#........
#..gg##.########..#..###
#....#..? #.##...# ##......#
### ##.# #..#.#.!# ##
#.#...... ....##### ..##. ...
#.


You could see a jelly, an iron imp (summoned), 2 gnolls and a kobold.

Vanquished Creatures
  3 adders (D:2)
  A worm (D:2)
  A dart slug (D:2)
  A bat (D:1)
  2 endoplasms (D:2)
  A giant cockroach (D:2)
  A kobold (D:1)
  A quokka (D:2)
  A frilled lizard (D:2)
12 creatures vanquished.

Notes
Turn   | Place    | Note
-------+----------+-------------------------------------------
     0 | D:1      | Bravepunisher the Spriggan Monk began the quest for the
                  | Orb.
     0 | D:1      | Reached XP level 1. HP: 11/11 MP: 2/2
   206 | D:2      | Reached XP level 2. HP: 16/16 MP: 3/3
   445 | D:2      | Reached XP level 3. HP: 20/20 MP: 4/4
   537 | D:4      | Noticed Eustachio
   574 | D:4      | Splashed by a jelly's acid

Illustrated notes

Levels and vault maps discovered:
D:1:      amcnicky_arrival_double_pillar, layout_basic, fountainhead
D:2:      layout_basic, nicolae_eternal_life
D:3:      corexii_shack_village, layout_basic, hellmonk_ghost_happy_afterlife,
          uniq_grinder
D:4:      layout_rooms, mainiacjoe_overflow_brackets,
          nicolae_dithmenos_the_darkroom, mainiacjoe_overflow_paths,
          ebering_ghost_sewer_d, nicolae_letterblocks [nicolae_letter_subblock,
          nicolae_letter_subblock, nicolae_letter_subblock,
          nicolae_letter_subblock, nicolae_letter_subblock,
          nicolae_letter_subblock, nicolae_letter_subblock,
          nicolae_letter_subblock, nicolae_letter_subblock,
          nicolae_letter_subblock, nicolae_letter_subblock,
          nicolae_letter_subblock, nicolae_letter_subblock,
          nicolae_letter_subblock, nicolae_letter_subblock,
          nicolae_letter_subblock, nicolae_letter_subblock,
          nicolae_letter_subblock, nicolae_letter_subblock,
          nicolae_letter_subblock, nicolae_letter_subblock,
          nicolae_letter_subblock, nicolae_letter_subblock,
          nicolae_letter_subblock, nicolae_letter_subblock], uniq_eustachio

Skill      XL: |  1  2 |
---------------+-------+-----
Fighting       | 3 |  3.3
Short Blades   | |  3.2
Dodging        | |  4.7

Action                     || total
---------------------------++-------
  Melee: Short sword       ||    75
         Punch             ||     1
   Stab: Sleeping          ||     4
 Armour: Robe              ||    14
  Dodge: Dodged            ||    55

Table legend: (Time is in decaauts)
 A = Elapsed time spent in this place.
 B = Non-inter-level travel time spent in this place.
 C = Inter-level travel time spent in this place.
 D = Time resting spent in this place.
 E = Time spent auto-exploring this place.
 F = Levels seen in this place.
 G = Mean time per level.
                   A        B        C        D        E       F      G
               +--------+--------+--------+--------+--------+-----+--------+
         Total |    386 |    386 |      0 |      0 |    223 |   4 |   96.5 |
       Dungeon |    386 |    386 |      0 |      0 |    223 |   4 |   96.5 |
               +--------+--------+--------+--------+--------+-----+--------+

Top non-repeatable levels by time:
     D:2: 247 daAuts
     D:1: 96 daAuts
     D:4: 35 daAuts
     D:3: 6 daAuts
